 Dungeon Crawl Stone Soup version 0.28.0-53-g5a82cb258f (webtiles) character file.

Game seed: 5115798063200378955

3504 Godmorgon the Basher (level 9, -9/81 HPs)
             Began as a Minotaur Fighter on Aug 13, 2022.
             Was a Believer of Okawaru.
             Killed by the air
             ... invoked by Gastronok
              (35 damage)
             ... on level 8 of the Dungeon.
             The game lasted 00:31:59 (8445 turns).

Godmorgon the Basher (Minotaur Fighter)             Turns: 8445, Time: 00:32:00

Health: -9/81      AC: 17    Str: 25    XL:     9   Next: 80%
Magic:  9/11       EV: 10    Int:  5    God:    Okawaru [**....]
Gold:   157        SH:  6    Dex: 10    Spells: 8/8 levels left

rFire   . . .      SeeInvis .   a - +0 flail
rCold   . . .      Faith    .   c - +0 buckler
rNeg    . . .      Spirit   .   m - +0 chain mail
rPois   .          Reflect  .   (helmet restricted)
rElec   .          Harm     .   G - +0 cloak
rCorr   .          Rampage  .   C - +0 pair of gloves
Will    .....                   e - +0 pair of boots
Stlth   ..........              (no amulet)
HPRegen 0.23/turn               (no ring)
MPRegen 0.12/turn               (no ring)

@: heroic
A: horns 2, retaliatory headbutt
a: Renounce Religion, Heroism


You were on level 8 of the Dungeon.
You worshipped Okawaru.
Okawaru was pleased with you.
You visited 2 branches of the dungeon, and saw 9 of its levels.

You collected 316 gold pieces.
You spent 159 gold pieces at shops.

Inventory:

Hand Weapons
 a - a +0 flail (weapon)
 b - a +0 whip of venom
 r - a +0 mace of protection
 z - a +0 morningstar
Missiles
 f - 24 stones
 q - 2 throwing nets
 y - 18 poisoned darts (quivered)
 B - 2 curare-tipped darts
 D - 3 silver javelins
Armour
 c - a +0 buckler (worn)
 e - a +0 pair of boots (worn)
 m - a +0 chain mail (worn)
 C - a +0 pair of gloves (worn)
 G - a +0 cloak (worn)
Wands
 s - a wand of paralysis (3)
 v - a wand of charming (30)
 F - a wand of iceblast (6)
Scrolls
 i - a scroll of immolation {unknown}
 j - a scroll of fog
 k - 2 scrolls of amnesia {unknown}
 n - 4 scrolls of teleportation {unknown}
 o - a scroll of fear {unknown}
 p - a scroll of enchant armour {unknown}
 t - 2 scrolls of magic mapping
 A - a scroll of enchant weapon
 H - a scroll of identify
Potions
 d - 2 potions of might
 g - 2 potions of degeneration {unknown}
 h - a potion of lignification {unknown}
 l - 2 potions of haste {unknown}
 u - 2 potions of curing
 w - 2 potions of resistance {unknown}
 x - 3 potions of heal wounds
 E - a potion of flight {unknown}


   Skills:
 + Level 7.9(12.9) Fighting
 * Level 10.3(15.3) Maces & Flails
 + Level 5.4(10.4) Throwing
 + Level 7.9(12.9) Armour
 - Level 5.0(10.0) Shields
 + Level 4.0 Invocations


You had 8 spell levels left.
You didn't know any spells.
Your spell library was empty.

Dungeon Overview and Level Annotations

Branches:
Dungeon (8/15)             Temple (1/1) D:5
   Lair: D:8-11

Altars:
Ashenzari
Cheibriados
Dithmenos
Elyvilon
Fedhas
Gozag
Hepliaklqana
Kikubaaqudgha
Makhleb
Nemelex Xobeh
Okawaru
Qazlal
Ru
Trog
Uskayaw
Vehumet
Wu Jian
Yredelemnul
Zin
The Shining One

Shops:
D:6 =[?*(

Annotations:
D:8 Gastronok


Innate Abilities, Weirdness & Mutations

You have a pair of horns on your head.
You reflexively headbutt those who attack you in melee.


Message History

The steam dragon bites you but does no damage.
The steam dragon claws you but does no damage.
Things that are here:
a +0 trident; a fizzy grey potion; an orc corpse You barely miss the orc.
You are engulfed in a cloud of scalding steam.
You block the orc's attack.
The steam dragon bites you but does no damage.
The steam dragon claws you.
You closely miss the orc.
You are engulfed in a cloud of scalding steam.
A water moccasin comes into view.
You block the orc's attack.
You closely miss the orc.
The water moccasin hisses angrily.
You headbutt the orc!
You kill the orc!
Okawaru accepts your kill.
You are engulfed in a cloud of scalding steam.
The steam dragon bites you but does no damage.
The steam dragon claws you but does no damage.
You gain the combat prowess of a mighty hero.
You block the steam dragon's attack.
The steam dragon claws you but does no damage.
Gastronok casts a spell at you.
You barely resist. You hit the steam dragon.
The steam dragon is lightly wounded.
The steam dragon bites you but does no damage.
The steam dragon barely misses you.
You sock the steam dragon!
The steam dragon is severely wounded.
The steam dragon bites you but does no damage.
The steam dragon closely misses you.
An orc comes into view. It is wielding a +0 whip.
You barely miss the steam dragon.
The steam dragon is severely wounded.
Gastronok waves his eye-stalks in wide circles.
The air twists around and strikes you!!
You die...

.! ...
....
..#####
.. ...#>o
....#...#
.....SD)#
#@# #)###
#..)#
###w#
..## #.#
.....##)#
#....#
####w###
#...##


You could see Gastronok (swift), a steam dragon, a water moccasin and an orc.

Vanquished Creatures
  Maurice (D:8)
  Psyche (D:8)
  Sigmund (D:2)
  5 water moccasins
  2 sky beasts
  An ice beast (D:6)
  2 necrophages
  2 ogres
  2 centaurs
  Blork the orc (D:5)
  4 kobold brigands
  A bullfrog (D:7)
  A gnoll sergeant (D:7)
  2 scorpions
  A wyvern skeleton (D:3)
  A howler monkey (D:5)
  A centaur zombie (D:7)
  4 bullfrog zombies
  An orc priest (D:5)
  A gnoll shaman (D:3)
  2 hounds
  2 centaur skeletons
  4 iguanas
  Terence (D:2)
  2 orc wizards
  3 hound skeletons (D:4)
  10 gnolls
  4 adders
  2 white imps
  2 adder skeletons (D:4)
  A dart slug (D:3)
  2 worms (D:2)
  15 orcs
  4 endoplasms
  5 giant cockroaches
  7 goblins
  8 hobgoblins
  5 jackals
  A quokka (D:1)
  5 ball pythons
  5 bats
  5 frilled lizards
  28 kobolds
158 creatures vanquished.

Vanquished Creatures (others)
  An orc (D:8)
  A bush (D:5)
  4 plants (D:5)
6 creatures vanquished.

Grand Total: 164 creatures vanquished

Notes
Turn   | Place    | Note
-------+----------+-------------------------------------------
     0 | D:1      | Godmorgon the Minotaur Fighter began the quest for the Orb.
     0 | D:1      | Reached XP level 1. HP: 19/19 MP: 0/0
   235 | D:1      | Reached XP level 2. HP: 27/27 MP: 1/1
   376 | D:1      | Reached skill level 3 in Maces & Flails
   715 | D:1      | Found a faded altar of an unknown god.
  1122 | D:2      | Reached XP level 3. HP: 33/33 MP: 2/2
  1147 | D:2      | Noticed Terence
  1157 | D:2      | Killed Terence
  1489 | D:2      | Reached XP level 4. HP: 40/40 MP: 3/3
  1650 | D:2      | Noticed Sigmund
  1787 | D:3      | Reached skill level 4 in Maces & Flails
  1787 | D:3      | Reached skill level 1 in Throwing
  1787 | D:3      | Reached XP level 5. HP: 16/47 MP: 4/4
  2233 | D:3      | Found an opulent altar of Gozag.
  2266 | D:3      | Found a blossoming altar of Fedhas.
  2323 | D:3      | Found a sacrificial altar of Ru.
  2554 | D:3      | Found a hazy altar of Hepliaklqana.
  3029 | D:3      | Reached XP level 6. HP: 43/53 MP: 5/5
  3199 | D:4      | Reached skill level 5 in Maces & Flails
  3381 | D:4      | Reached skill level 5 in Fighting
  3381 | D:4      | Reached skill level 5 in Shields
  3560 | D:4      | Reached skill level 5 in Armour
  3724 | D:5      | Entered Level 5 of the Dungeon
  3794 | D:5      | Noticed a water moccasin
  3820 | D:4      | Killed a water moccasin
  3821 | D:4      | Reached skill level 6 in Maces & Flails
  3821 | D:4      | Reached XP level 7. HP: 49/61 MP: 6/6
  4799 | D:5      | Reached skill level 7 in Maces & Flails
  4872 | D:5      | Noticed Blork the orc
  4892 | D:5      | Killed Blork the orc
  5025 | D:5      | Reached XP level 8. HP: 70/70 MP: 7/7
  5140 | D:5      | Found a staircase to the Ecumenical Temple.
  5157 | Temple   | Entered the Ecumenical Temple
  5264 | Temple   | Became a worshipper of Warmaster Okawaru
  5639 | D:2      | Killed Sigmund
  5640 | D:2      | Reached skill level 1 in Invocations
  5968 | D:6      | Found Hytumow's Magic Scroll Boutique.
  5971 | D:6      | Bought a scroll of enchant weapon for 105 gold pieces
  5971 | D:6      | Bought a scroll of identify for 28 gold pieces
  5980 | D:6      | Found Bicarut's General Store.
  6015 | D:6      | Bought a scroll of fog for 26 gold pieces
  6243 | D:6      | Reached skill level 8 in Maces & Flails
  6451 | D:6      | Reached * piety under Okawaru
  6581 | D:6      | Found Lanoiteu's Armour Emporium.
  6834 | D:6      | Found Cudio's Antique Weapon Emporium.
  6934 | D:6      | Reached XP level 9. HP: 78/78 MP: 9/9
  6997 | D:6      | Found Qeuhiasuxo's Jewellery Shop.
  7226 | D:7      | Reached skill level 9 in Maces & Flails
  7871 | D:7      | Reached ** piety under Okawaru
  7872 | D:7      | Reached skill level 5 in Throwing
  8354 | D:8      | Noticed Gastronok
  8366 | D:8      | Identified the +8 hand axe of Impeachment {vorpal, rF+}
  8374 | D:8      | Noticed Psyche
  8385 | D:8      | Killed Psyche
  8386 | D:8      | Reached skill level 10 in Maces & Flails
  8415 | D:8      | Noticed Maurice
  8426 | D:8      | Killed Maurice
  8445 | D:8      | Killed from afar by Gastronok

Illustrated notes

Levels and vault maps discovered:
D:1:      psy_arrival_dodecagon, layout_loops_corners,
          ebering_ecumenical_altar_ruins
D:2:      layout_loops_ring, uniq_sigmund, uniq_terence
D:3:      layout_rooms, nicolae_ru_sacrificial_ziggurat,
          mainiacjoe_overflow_two_lobes, mainiacjoe_overflow_cross_hatched,
          chequers_serial_rivers_micro_d, dk_noncrumbling_4
D:4:      layout_rooms
D:5:      layout_rooms, minmay_temple_entry_overgrown, kb_lookout_dungeons_type,
          kennysheep_windowed_goal, uniq_blork_the_orc
D:6:      layout_gridville, serial_shops, kennysheep_mini, nicolae_square_shop,
          nicolae_stop_n_shop_2, nicolae_take_the_stairs, shop
D:7:      layout_gridville
D:8:      layout_rooms, nicolae_ossuary_entry_plus, dk_noncrumbling_3,
          uniq_maurice, uniq_gastronok, uniq_psyche, uniq_pikel
Temple:   regret_index_temple_sphere_string

Skill      XL: |  1  2  3  4  5  6  7  8  9 |
---------------+----------------------------+-----
Maces & Flails | 3 4 6 7 8 10 | 10.3
Armour         | 4 5 6 7 |  7.9
Fighting       | 4 5 6 7 |  7.9
Shields        | 4 5 |  5.0
Throwing       | 1 2 3 4 5 |  5.4
Invocations    | 2 4 |  4.0

Action                   |  1- 3 |  4- 6 |  7- 9 || total
-------------------------+-------+-------+-------++-------
Melee: Flail             |    72 |   153 |   223 ||   448
       Headbutt          |     6 |    25 |    56 ||    87
       Mace              |       |       |    58 ||    58
Throw: Stone             |       |     2 |     8 ||    10
       Dart              |       |     2 |     8 ||    10
Invok: Heroism           |       |       |     4 ||     4
Evoke: Wand              |       |       |     9 ||     9
  Use: Scroll            |       |       |     2 ||     2
 Stab: Paralysed         |       |       |    11 ||    11
Armor: Scale mail        |    45 |       |       ||    45
       Chain mail        |     6 |    93 |   164 ||   263
Dodge: Dodged            |    45 |    59 |    90 ||   194
Block: Buckler           |    24 |    31 |    55 ||   110
